 Dungeon Crawl Stone Soup version 0.20.0-15-g7f486f2 (webtiles) character file.

1114 Hasart the Conjurer (level 8, -1/56 HPs)
             Began as a Demonspawn Fire Elementalist on June 11, 2017.
             Was a Follower of Sif Muna.
             Slain by a leopard gecko (2 damage)
             ... on level 6 of the Dungeon.
             The game lasted 00:16:10 (5585 turns).

Hasart the Conjurer (Demonspawn Fire Elementalist)  Turns: 5585, Time: 00:16:11

Health: -1/56      AC:  5    Str:  9    XL:     8   Next: 12%
Magic:  14/14      EV: 11    Int: 18    God:    Sif Muna [*.....]
Gold:   230        SH:  2    Dex: 14    Spells: 7/15 levels left

rFire    . . .     SeeInvis .   y - -2 spear (curse)
rCold    . . .     Gourm    .   s - -1 buckler (curse)
rNeg     . . .     Faith    .   a - +0 robe
rPois    +         Spirit   .   (no helmet)
rElec    .         Reflect  .   (no cloak)
rCorr    .         Harm     .   l - +1 pair of gloves
MR       .....                  f - +0 pair of boots
Stlth    +++++.....             (no amulet)
Regen    0.2/turn               n - ring of poison resistance
MPRegen  0.2/turn               (no ring)

@: no status effects
A: claws 1, hooves 2, nightstalker 3
a: Divine Energy, Renounce Religion


You were on level 6 of the Dungeon.
You worshipped Sif Muna.
Sif Muna was aware of your devotion.
You were not hungry.

You visited 2 branches of the dungeon, and saw 7 of its levels.

You collected 384 gold pieces.
You spent 154 gold pieces at shops.

Inventory:

Hand Weapons
 j - a +2 mace of draining
 y - a cursed -2 spear (weapon)
Armour
 a - a +0 robe (worn)
 f - a +0 pair of boots (worn)
 l - a +1 pair of gloves (worn)
 s - a cursed -1 buckler (worn)
Jewellery
 n - a ring of poison resistance (left hand)
Scrolls
 e - a scroll of blinking
 i - a scroll of fog
 p - 2 scrolls of recharging
 r - 4 scrolls of identify
 u - a scroll of teleportation
Potions
 h - 3 potions of flight
 k - a potion of magic {unknown}
 m - a potion of berserk rage
 t - a potion of curing
 v - a potion of heal wounds
 w - a potion of might {unknown}
Books
 b - a book of Flames

   Spells                             Type                      Level
   a - Flame Tongue                   Conjuration/Fire             1
   b - Throw Flame                    Conjuration/Fire             2
   c - Conjure Flame                  Conjuration/Fire             3
   d - Inner Flame                    Hexes/Fire                   3
   e - Sticky Flame                   Conjuration/Fire             4
   f - Fireball                       Conjuration/Fire             5
 g - a book of Maledictions

   Spells                             Type                      Level
   a - Corona                         Hexes                        1
   b - Ensorcelled Hibernation        Hexes/Ice                    2
   c - Confuse                        Hexes                        3
   d - Tukima's Dance                 Hexes                        3
   e - Dazzling Spray                 Conjuration/Hexes            3
Comestibles
 c - 4 bread rations
 d - 2 royal jellies
 o - 2 meat rations
 q - a fruit
 x - a chunk of flesh


   Skills:
 + Level 2.2 Fighting
 - Level 1.7 Dodging
 - Level 2.5 Stealth
 + Level 4.4 Spellcasting
 * Level 5.9 Conjurations
 + Level 5.3 Fire Magic


You had 7 spell levels left.
You knew the following spells:

 Your Spells              Type           Power        Failure   Level  Hunger
a - Flame Tongue          Conj/Fire      ###..        2%          1    None
b - Sticky Flame          Conj/Fire      ###.....     22%         4    ####...
c - Dazzling Spray        Conj/Hex       ##....       21%         3    ###....


Dungeon Overview and Level Annotations

Branches:
Dungeon (6/15)             Temple (1/1) D:5

Altars:
Cheibriados
Dithmenos
Elyvilon
Makhleb
Okawaru
Qazlal
Sif Muna
Uskayaw
Vehumet

Shops:
D:4 }?*=(   D:5 !


Innate Abilities, Weirdness & Mutations

You have sharp fingernails.
You have hoof-like feet.
You are completely attuned to the shadows.


Message History

* * * LOW HITPOINT WARNING * * *
The leopard gecko closely misses you. The adder bites you.
* * * LOW HITPOINT WARNING * * *
The crimson imp hits you.
* * * LOW HITPOINT WARNING * * *
The leopard gecko closely misses you. The adder barely misses you.
The crimson imp barely misses you.
The crimson imp picks up a beetle and eats it.
The crimson imp blinks!
The adder bites you but does no damage. The leopard gecko misses you.
The crimson imp hits you.
* * * LOW HITPOINT WARNING * * *
The adder closely misses you. The leopard gecko closely misses you.
The adder bites you.
* * * LOW HITPOINT WARNING * * *
The crimson imp hits you but does no damage.
You block the leopard gecko's attack. The adder closely misses you.
The leopard gecko bites you.
You die...

......# .#....#
##.##+# .....
#....##### ##....
#....##..###...# ..#
#.............###...
##...##...(.....)...
######..#..#..55.#
#.....##..@l.#
####...#.).S.#
............
...###... ... ..#


You could see 2 crimson imps, an adder and a leopard gecko.

Vanquished Creatures
  A water moccasin (D:5)
  An ogre (D:4)
  2 bullfrogs (D:6)
  A scorpion (D:4)
  3 crimson imps (D:5)
  A hound (D:4)
  3 orc priests
  2 jellies
  A bullfrog skeleton (D:5)
  4 orc wizards
  An iguana (D:4)
  2 worker ants
  A hound skeleton (D:5)
  A howler monkey zombie (D:6)
  3 gnolls (D:3)
  6 adders
  An ooze (D:2)
  An adder zombie (D:6)
  An adder skeleton (D:4)
  A worm (D:2)
  A leopard gecko (D:3)
  32 orcs
  A ball python (D:4)
  2 bats
  9 giant cockroaches
  5 goblins
  10 hobgoblins
  8 jackals
  6 kobolds
  2 quokkas
  6 frilled lizards
  A leopard gecko skeleton (D:5)
  7 rats
127 creatures vanquished.

Notes
Turn   | Place    | Note
-------+----------+-------------------------------------------
     0 | D:1      | Hasart the Demonspawn Fire Elementalist began the quest for the Orb.
     0 | D:1      | Reached XP level 1. HP: 13/13 MP: 3/3
   314 | D:1      | Gained mutation: You have large cloven feet. [demonic ancestry]
   314 | D:1      | Reached XP level 2. HP: 19/19 MP: 0/5
   823 | D:2      | Found a shadowy altar of Dithmenos.
   899 | D:2      | Gained mutation: You have hoof-like feet. [demonic ancestry]
   899 | D:2      | Reached XP level 3. HP: 17/24 MP: 0/6
   972 | D:2      | Found a faded altar of an unknown god.
  1336 | D:2      | Gained mutation: You are slightly more attuned to the shadows. [demonic ancestry]
  1336 | D:2      | Reached XP level 4. HP: 30/30 MP: 2/8
  1681 | D:2      | Learned a level 4 spell: Sticky Flame
  2016 | D:3      | Gained mutation: You are significantly more attuned to the shadows. [demonic ancestry]
  2016 | D:3      | Reached XP level 5. HP: 31/35 MP: 0/9
  2103 | D:3      | Found an iron altar of Okawaru.
  2103 | D:3      | Found a white marble altar of Elyvilon.
  2456 | D:3      | Found a stormy altar of Qazlal.
  2643 | D:4      | Found Fucecem's Magic Scroll Shoppe.
  2652 | D:4      | Found Olufesch's Assorted Antiques.
  2655 | D:4      | Gained mutation: You are completely attuned to the shadows. [demonic ancestry]
  2655 | D:4      | Reached XP level 6. HP: 38/41 MP: 1/11
  2746 | D:4      | Bought a scroll labeled GUID EB UGU for 25 gold pieces
  2746 | D:4      | Bought a scroll labeled GUID EB UGU for 25 gold pieces
  3361 | D:4      | Found Jest's Weapon Shoppe.
  3450 | D:4      | Found Parohama's Jewellery Boutique.
  3608 | D:4      | Found Xekk's Gadget Emporium.
  3613 | D:4      | Reached XP level 7. HP: 46/46 MP: 7/12
  3846 | D:5      | Entered Level 5 of the Dungeon
  4088 | D:5      | Reached skill level 5 in Conjurations
  4151 | D:5      | Found a staircase to the Ecumenical Temple.
  4157 | Temple   | Entered the Ecumenical Temple
  4195 | Temple   | Became a worshipper of Sif Muna the Loreminder
  4238 | D:5      | Found Meshreen's Distillery.
  4246 | D:5      | Bought a potion of curing for 39 gold pieces
  4246 | D:5      | Bought a potion of heal wounds for 65 gold pieces
  4342 | D:5      | Reached skill level 1 in Fighting
  4356 | D:5      | Reached skill level 5 in Fire Magic
  4550 | Temple   | Learned a level 3 spell: Dazzling Spray
  5108 | D:5      | Found a radiant altar of Vehumet.
  5239 | D:5      | Found a snail-covered altar of Cheibriados.
  5307 | D:6      | Gained mutation: You have sharp fingernails. [demonic ancestry]
  5307 | D:6      | Reached XP level 8. HP: 56/56 MP: 10/14
  5410 | D:6      | Reached * piety under Sif Muna
  5543 | D:6      | Found an iron altar of Okawaru.
  5584 | D:6      | HP: 1/56 [adder (2)]
  5585 | D:6      | Slain by a leopard gecko

Skill      XL: |  1  2  3  4  5  6  7 |
---------------+----------------------+-----
Fire Magic     | 3 4 5 |  5.3
Conjurations   | 2 3 4 5 |  5.9
Spellcasting   | 3 4 |  4.4
Stealth        | 2 |  2.5
Fighting       | 2 |  2.2
Dodging        | |  1.7

Action                   |  1- 3 |  4- 6 |  7- 9 || total
-------------------------+-------+-------+-------++-------
Melee: Whip              |    34 |       |       ||    34
       Short sword       |    22 |       |       ||    22
       Mace              |       |    34 |   199 ||   233
       Spear             |       |       |     2 ||     2
 Cast: Flame Tongue      |    40 |    85 |    33 ||   158
       Sticky Flame      |       |     5 |     4 ||     9
       Dazzling Spray    |       |       |     9 ||     9
  Use: Scroll            |       |     7 |     2 ||     9
       Potion            |       |       |     3 ||     3
 Stab: Sleeping          |     2 |     5 |     5 ||    12
       Distracted        |     1 |     1 |     1 ||     3
       Invisible         |       |       |     1 ||     1
  Eat: Chunk             |     2 |     8 |     5 ||    15
       Fruit             |       |       |     4 ||     4
Armor: Robe              |    17 |    16 |   108 ||   141
Dodge: Dodged            |    48 |    33 |   175 ||   256
Block: Buckler           |       |       |     3 ||     3
